 Dungeon Crawl Stone Soup version 0.27.1-4-g1640c2035a (webtiles) character file.

Game seed: 12455963561562042804

113666 ABBCCCDDDD the Severer (level 16, -2/155 HPs)
             Began as a Hill Orc Delver on Nov 2, 2021.
             Was the Champion of Trog.
             Blown up by an orb spider (64 damage)
             ... with an orb of destruction
             ... on level 3 of the Spider Nest.
             The game lasted 00:38:31 (28547 turns).

ABBCCCDDDD the Severer (Hill Orc Delver)           Turns: 28547, Time: 00:38:31

Health: -2/155     AC: 30    Str: 22    XL:     16   Next: 63%
Magic:  16/16      EV: 10    Int: 10    God:    Trog [******]
Gold:   2303       SH: 10    Dex: 12    Spells: 15/15 levels left

rFire    + . .     SeeInvis .   a - +5 broad axe (vamp)
rCold    + . .     Faith    .   h - +0 buckler
rNeg     . . .     Spirit   .   j - +2 chain mail {rF+}
rPois    +         Reflect  +   B - +0 helmet
rElec    .         Harm     +   U - +2 cloak
rCorr    .         Rampage  .   y - +2 pair of gloves "Suzes" {Harm rC+}
Will     +....                  G - +0 pair of boots
Stlth    ..........             s - amulet of reflection
HPRegen  0.35/turn              q - +4 ring of protection
MPRegen  0.15/turn              p - ring of poison resistance

@: no status effects
A: no striking features
a: Renounce Religion, Berserk, Trog's Hand, Brothers in Arms


You were on level 3 of the Spider Nest.
You worshipped Trog.
Trog was exalted by your worship.
You visited 4 branches of the dungeon, and saw 23 of its levels.

You collected 2955 gold pieces.
You spent 652 gold pieces at shops.

Inventory:

Hand Weapons
 a - a +5 vampiric broad axe (weapon)
 N - a +4 war axe of flaming
Missiles
 n - 5 silver javelins
 A - 90 poisoned darts (quivered)
 L - 7 javelins
 M - 7 curare-tipped darts
Armour
 h - a +0 buckler (worn)
 j - a +2 chain mail of fire resistance (worn)
 y - the +2 pair of gloves "Suzes" (worn) {Harm rC+}
   (You found it on level 4 of the Lair of Beasts)

   rC:        It protects you from cold.
   Harm:      It increases damage dealt and taken.
 B - a +0 helmet (worn)
 G - a +0 pair of boots (worn)
 I - a +0 tower shield
 U - a +2 cloak (worn)
Jewellery
 p - a ring of poison resistance (right hand)
 q - a +4 ring of protection (left hand)
 s - an amulet of reflection (around neck)
 u - a ring of see invisible
 v - a ring of resist corrosion
 Q - a ring of protection from fire
Wands
 g - a wand of digging (8)
 o - a wand of mindburst (30)
 t - a wand of paralysis (12)
 C - a wand of flame (26)
 P - a wand of charming (12)
 Z - a wand of acid (23)
Scrolls
 b - a scroll of summoning
 c - 5 scrolls of fog
 d - 5 scrolls of magic mapping
 e - 2 scrolls of fear
 i - 6 scrolls of blinking
 l - a scroll of enchant armour
 x - 3 scrolls of silence
 F - 8 scrolls of teleportation
 K - 2 scrolls of torment
 T - 4 scrolls of immolation
 Y - 4 scrolls of holy word
Potions
 f - 5 potions of haste
 m - a potion of might
 r - 2 potions of flight
 w - 3 potions of invisibility
 z - 6 potions of heal wounds
 D - a potion of ambrosia {unknown}
 E - 3 potions of lignification {unknown}
 H - 3 potions of cancellation {unknown}
 J - 8 potions of curing {unknown}
 O - 3 potions of resistance {unknown}
 S - a potion of magic {unknown}
 V - 3 potions of attraction {unknown}
 X - 4 potions of mutation {unknown}
Miscellaneous
 k - a lightning rod (4/4)
 R - a phantom mirror
 W - a box of beasts


   Skills:
 + Level 17.4 Fighting
 - Level 18.0 Axes
 + Level 7.7 Throwing
 - Level 15.0 Armour
 + Level 4.2 Dodging
 - Level 4.1 Stealth
 + Level 5.3 Shields
 + Level 10.8 Evocations


You had 15 spell levels left.
You didn't know any spells.
Your spell library was empty.

Dungeon Overview and Level Annotations

Branches:
Dungeon (12/15)            Temple (0/1) D:6            Lair (6/6) D:9
 Shoals (0/4) Lair:3       Spider (3/4) Lair:2        Slime (0/5) Lair:5
    Orc (2/2) D:9             Elf (0/3) Orc:2

Altars:
Ashenzari
Cheibriados
Dithmenos
Elyvilon
Fedhas
Kikubaaqudgha
Okawaru
Qazlal
Ru
Trog
Uskayaw
Xom
Yredelemnul
The Shining One

Shops:
D:9 (   Orc:2 [:(*

Annotations:
D:11 exclusion: hydra
Lair:4 exclusion: oklob plant
Spider:2 3 runed translucent doors, Cumomo's ghost, adept SpEn; Veit's ghost, journeyman GrFi; truevaserg's ghost, adept DECj


Message History

You slice the jumping spider!!
You feel better.
You kill the jumping spider!
Trog accepts your kill.
The orb spider spins a strand of pure energy.
You see here an orb spider corpse.
The orb spider is no longer charmed.
The orb spider weaves a glowing orb of energy.
An orb of destruction comes into view.
The orb of destruction reflects off an invisible shield around you!
The orb of destruction hits a rock wall.
The orb spider weaves a glowing orb of energy.
An orb of destruction comes into view.
The orb spider begins to weave its threads into a brightly glowing ball.
Your chain mail prevents you from hitting the orb spider.
The orb spider is lightly wounded.
The orb of destruction reflects off an invisible shield around you!
The orb spider spins a strand of pure energy.
The orb spider weaves a glowing orb of energy.
An orb of destruction comes into view.
You feel yourself speed up.
The wavering orb of destruction hits you!!
The orb spider weaves a glowing orb of energy.
The orb of destruction hits a rock wall.
You see here a jumping spider corpse.
The orb spider begins to weave its threads into a brightly glowing ball.
The orb spider weaves a glowing orb of energy.
An orb of destruction comes into view.
You see here a jumping spider corpse.
The wavering orb of destruction hits you!!
The orb spider spins a strand of pure energy.
You start resting.
You recover from your berserk rage.
You slash the orb spider!
The orb spider is heavily wounded.
The orb spider weaves a glowing orb of energy.
An orb of destruction comes into view.
The orb spider pulsates with a strange energy.
There is a stone staircase leading up here.
The orb of destruction hits you!!!
You die...

.....†..........^##
......s†...#^†....##
.....^.....#..!..^.#
.........###.†.....#
......(...#........#
........##.........#
####..#####s°°.†...#
##. ##..○○○..# ..
#s...@..# ..
##......# ..
#.###...# ... #####
#... ..... ##..


You could see 2 orb spiders.

Levels and vault maps discovered:
D:1:      dpeg_arrival_windows_large_door, layout_loops_ring
D:2:      layout_loops_ring, shapermc_ecumenical_altar_venn
D:3:      layout_basic, minitemple
D:4:      layout_basic, serial_bayou, serial_bayou_shore_a, serial_bayou_pond_d,
          serial_bayou_shore_b, serial_bayou_lake_a
D:5:      layout_loops_corners, mainiacjoe_overflow_divided_tiny,
          kennysheep_generic_room_4, uniq_sigmund
D:6:      layout_rooms, minmay_temple_entry_sparse_star,
          minmay_tree_intersection, uniq_blork_the_orc
D:7:      layout_rooms, evilmike_ruin_ashenzari, gammafunk_ghost_stat_death
D:8:      layout_rooms, xom_shifter_show, nicolae_straight_to_the_point
D:9:      layout_rooms, due_lair_maze_entry_diamond, hiddenorc1_lemuel,
          ebering_ghost_inner_flame, serial_shops, shop,
          minmay_statue_crystal_thing
D:10:     layout_basic, cheibriados_altar_1, lemuel_crystal_altar,
          nicolae_dithmenos_the_darkroom, kennysheep_little_box,
          minmay_hedge_maze
D:11:     layout_basic
D:12:     layout_layer_cave, minivault_25_ag
Lair:1:   layout_layer_cave, serial_bayou_shore_b
Lair:2:   layout_cave_pods, spider_nest_entry_webs
Lair:3:   layout_regular_city, elwin_shoals_entry_rocks, beast_lair_carwin_9
Lair:4:   layout_loops_ring, basic_altar, gammafunk_ghost_necromancy,
          grunt_forest_small_clearings, minmay_lair_oklob_chamber,
          serial_bayou_shore_b, grunt_megastairs_2
Lair:5:   layout_regular_city, slime_dummy, beast_lair_carwin_6
Lair:6:   hangedman_lair_in_review, layout_regular_city,
          guppyfry_lair_end_dragon
Spider:1: spiders_nest_a, ebering_ghost_disaster_area,
          nicolae_spider_nooks_and_crannies
Spider:2: layout_spider_delve, gammafunk_ghost_cemetery
Spider:3: layout_chambers
Orc:1:    layout_caves, minmay_orc_keep
Orc:2:    grunt_orc_gardens, layout_caves, grunt_orc_garden, grunt_orc_garden,
          grunt_orc_garden, grunt_orc_garden

Notes
Turn   | Place    | Note
-------+----------+-------------------------------------------
     0 | D:5      | ABBCCCDDDD the Hill Orc Delver began the quest for the Orb.
     0 | D:5      | Reached XP level 1. HP: 19/19 MP: 1/1
    19 | D:5      | Noticed a scorpion
   116 | D:5      | Noticed Sigmund
   237 | D:5      | Noticed an iguana
   243 | D:5      | Noticed a scorpion
   280 | D:5      | Identified the +2 ring mail "Tuutz" {rF+ Will+}
   862 | D:2      | Reached skill level 3 in Axes
  1218 | D:1      | Reached XP level 2. HP: 26/27 MP: 2/2
  1663 | D:1      | Reached skill level 1 in Armour
  1740 | D:1      | Reached XP level 3. HP: 33/33 MP: 3/3
  2052 | D:2      | Found a faded altar of an unknown god.
  2184 | D:2      | Reached skill level 4 in Axes
  2855 | D:3      | Found an ancient bone altar of Kikubaaqudgha.
  2951 | D:3      | Found a stormy altar of Qazlal.
  2951 | D:3      | Found a bloodstained altar of Trog.
  2955 | D:3      | Found a sacrificial altar of Ru.
  2956 | D:3      | Found a glowing golden altar of the Shining One.
  2959 | D:3      | Became a worshipper of Trog the Wrathful
  3586 | D:4      | Reached XP level 4. HP: 39/41 MP: 4/4
  4132 | D:4      | Reached skill level 5 in Axes
  4132 | D:4      | Reached XP level 5. HP: 45/47 MP: 5/5
  4766 | D:5      | Noticed a phantom
  4782 | D:5      | Killed a phantom
  4783 | D:5      | Reached skill level 5 in Fighting
  4783 | D:5      | Reached skill level 6 in Axes
  4783 | D:5      | Reached XP level 6. HP: 56/56 MP: 6/6
  4953 | D:5      | Noticed a necrophage
  4964 | D:5      | Killed a necrophage
  4965 | D:5      | Reached skill level 7 in Axes
  4965 | D:5      | Reached skill level 1 in Throwing
  4965 | D:5      | Reached XP level 7. HP: 59/61 MP: 7/7
  5236 | D:5      | Reached * piety under Trog
  5238 | D:5      | Identified a scroll of acquirement
  5243 | D:5      | Acquired a ring of poison resistance
  5383 | D:5      | Found an iron altar of Okawaru.
  5384 | D:5      | Found a hide-covered altar of Uskayaw.
  5493 | D:5      | Killed Sigmund
  5494 | D:5      | Reached skill level 8 in Axes
  5494 | D:5      | Reached XP level 8. HP: 42/70 MP: 8/8
  5496 | D:5      | Identified the +1 long sword "Guhi" {drain, rN+ Str+2
                  | Dex-2}
  6286 | D:6      | Found a staircase to the Ecumenical Temple.
  6328 | D:5      | Reached skill level 9 in Axes
  6599 | D:6      | Reached skill level 5 in Armour
  6702 | D:6      | You fall into a shaft and drop 3 floors!
  6702 | D:9      | Noticed a komodo dragon
  6704 | D:9      | Found a staircase to the Lair.
  6719 | D:9      | Noticed a yak
  6721 | D:9      | Noticed a yak
  6722 | D:9      | Noticed a yak
  6722 | D:9      | Noticed a yak
  6741 | D:8      | Found a shimmering altar of Xom.
  6742 | D:8      | Found a shimmering altar of Xom.
  6766 | D:8      | Reached XP level 9. HP: 55/79 MP: 9/9
  6783 | D:8      | Reached skill level 10 in Axes
  7136 | D:7      | Reached ** piety under Trog
  7218 | D:6      | Noticed Blork the orc
  7226 | D:6      | Killed Blork the orc
  7577 | D:6      | Reached skill level 11 in Axes
  7641 | D:6      | Noticed a komodo dragon
  7653 | D:6      | Killed a komodo dragon
  8064 | D:7      | Reached skill level 12 in Axes
  8095 | D:7      | Found a transporter.
  8116 | D:6      | Reached XP level 10. HP: 87/90 MP: 10/10
  8136 | D:7      | Reached *** piety under Trog
  8160 | D:7      | Noticed othur's ghost (novice TrMo)
  8186 | D:7      | Found a transporter.
  8221 | D:7      | Found a broken altar of Ashenzari.
  8379 | D:8      | Found a shimmering altar of Xom.
  8381 | D:8      | Found a shimmering altar of Xom.
  8400 | D:8      | Noticed a two-headed ogre
  8411 | D:8      | Killed a two-headed ogre
  8617 | D:8      | Noticed a gargoyle
  8632 | D:8      | Killed a gargoyle
  8633 | D:8      | Reached skill level 13 in Axes
  8912 | D:8      | Found a shimmering altar of Xom.
  8913 | D:8      | Found a shimmering altar of Xom.
  8914 | D:8      | Found a shimmering altar of Xom.
  9190 | D:9      | Found a runed translucent door.
  9191 | D:9      | Noticed Crownlay's ghost (novice GrEE)
  9191 | D:9      | Noticed a cyclops
  9818 | D:9      | Reached skill level 10 in Fighting
  9818 | D:9      | Reached skill level 14 in Axes
  9866 | D:9      | Reached **** piety under Trog
  9867 | D:9      | Reached XP level 11. HP: 83/99 MP: 11/11
  9980 | D:9      | You fall into a shaft and drop 2 floors!
 10088 | D:11     | Noticed an eight-headed hydra
 10225 | D:10     | Entered Level 10 of the Dungeon
 10233 | D:10     | Found a basalt altar of Yredelemnul.
 10757 | D:9      | Found Icuizar's Antique Weapon Shoppe.
 10765 | D:9      | Bought a glowing broad axe for 210 gold pieces
 10792 | D:9      | Found a runed translucent door.
 10908 | D:9      | Found a runed translucent door.
 10919 | D:9      | Found a runed translucent door.
 10937 | D:9      | Found a runed translucent door.
 11038 | D:9      | Found a staircase to the Orcish Mines.
 11186 | D:10     | Noticed a two-headed ogre
 11196 | D:10     | Killed a two-headed ogre
 11197 | D:10     | Reached skill level 15 in Axes
 11657 | D:10     | Found a shadowy altar of Dithmenos.
 11746 | D:10     | Found a snail-covered altar of Cheibriados.
 12201 | D:10     | Found a blossoming altar of Fedhas.
 12313 | D:9      | Bought a glowing broad axe for 210 gold pieces
 12355 | D:11     | Noticed a boulder beetle
 12370 | D:11     | Killed a boulder beetle
 12647 | D:11     | Reached skill level 16 in Axes
 12924 | D:12     | Reached skill level 10 in Armour
 13024 | D:12     | Reached XP level 12. HP: 105/110 MP: 12/12
 13238 | D:12     | Noticed a boulder beetle
 13252 | D:12     | Killed a boulder beetle
 13603 | D:12     | Noticed a death knight
 13617 | D:12     | Killed a death knight
 14688 | Lair:1   | Entered Level 1 of the Lair of Beasts
 14897 | Lair:1   | Reached ***** piety under Trog
 15351 | Lair:1   | Noticed a boulder beetle
 15378 | Lair:1   | Killed a boulder beetle
 16103 | Lair:2   | Reached skill level 1 in Evocations
 16254 | Lair:2   | Noticed a five-headed hydra
 16255 | Lair:2   | Noticed a catoblepas
 16521 | Lair:2   | Killed a catoblepas
 16613 | Lair:2   | Noticed a death yak
 16614 | Lair:2   | Noticed a death yak
 16616 | Lair:2   | Noticed a death yak
 16626 | Lair:2   | Killed a death yak
 16626 | Lair:2   | Killed a death yak
 16627 | Lair:2   | Reached XP level 13. HP: 122/122 MP: 13/13
 17030 | Lair:2   | Found a hole to the Spider Nest.
 18113 | Lair:3   | Reached skill level 17 in Axes
 18113 | Lair:3   | Reached skill level 5 in Evocations
 18303 | Lair:3   | Found a staircase to the Shoals.
 18360 | Lair:4   | Found a runed translucent gate.
 18360 | Lair:4   | Found a runed translucent gate.
 18361 | Lair:4   | Found a runed translucent gate.
 18365 | Lair:4   | Noticed Domino's ghost (journeyman MiBe)
 18384 | Lair:4   | Identified the +2 pair of gloves "Suzes" {Harm rC+}
 18459 | Lair:4   | Reached skill level 1 in Shields
 18626 | Lair:4   | Found a white marble altar of Elyvilon.
 19061 | Lair:4   | Reached XP level 14. HP: 124/133 MP: 14/14
 19544 | Lair:4   | Killed Domino's ghost
 19730 | Lair:4   | Identified the +2 robe of the Bulwark {rPois Slay+3}
 20566 | Lair:5   | Reached skill level 15 in Fighting
 20572 | Lair:5   | Reached ****** piety under Trog
 20756 | Lair:5   | Received a gift from Trog
 20846 | Lair:5   | Found a staircase to the Slime Pits.
 21342 | Lair:6   | Entered Level 6 of the Lair of Beasts
 21383 | Lair:6   | Reached skill level 18 in Axes
 21629 | Lair:6   | Reached XP level 15. HP: 143/143 MP: 15/15
 22188 | Lair:6   | Received a gift from Trog
 22557 | Lair:6   | Reached skill level 5 in Throwing
 22785 | Orc:1    | Entered Level 1 of the Orcish Mines
 23032 | Orc:2    | Entered Level 2 of the Orcish Mines
 23447 | Orc:2    | Found Cagrelej's General Store.
 23451 | Orc:2    | Found a staircase to the Elven Halls.
 23459 | Orc:2    | Found Muinufay's Book Shoppe.
 23467 | Orc:2    | Received a gift from Trog
 23693 | Orc:2    | Found Tuemigot's Antique Armour Boutique.
 23693 | Orc:2    | Noticed an orc warlord
 23988 | Orc:2    | Found Veptuh's Antique Weapon Boutique.
 24499 | Orc:2    | Killed an orc warlord
 24956 | Orc:2    | Bought a glowing cloak for 232 gold pieces
 25678 | D:7      | Killed othur's ghost
 25821 | D:9      | Killed Crownlay's ghost
 26065 | D:9      | Reached skill level 15 in Armour
 26204 | Spider:1 | Entered Level 1 of the Spider Nest
 26317 | Spider:1 | Noticed an emperor scorpion
 26357 | Spider:1 | Killed an emperor scorpion
 26504 | Spider:1 | Reached skill level 10 in Evocations
 26508 | Spider:1 | Noticed an emperor scorpion
 26509 | Spider:1 | Noticed an emperor scorpion
 26515 | Spider:1 | Reached XP level 16. HP: 154/154 MP: 16/16
 26888 | Spider:1 | Found a large runed translucent door.
 26888 | Spider:1 | Found a large runed translucent door.
 26890 | Spider:1 | Noticed iishen's ghost (adept CeHu)
 26986 | Spider:1 | Received a gift from Trog
 27275 | Spider:1 | Killed iishen's ghost
 27396 | Spider:1 | Identified the +4 great mace of Qoagomp {spect, +Rage}
 28400 | Spider:2 | Found a runed translucent gate.
 28400 | Spider:2 | Found a runed translucent gate.
 28404 | Spider:2 | Found a runed translucent gate.
 28404 | Spider:2 | Noticed truevaserg's ghost (adept DECj)
 28404 | Spider:2 | Noticed Cumomo's ghost (adept SpEn)
 28404 | Spider:2 | Noticed Veit's ghost (journeyman GrFi)
 28422 | Spider:3 | Reached skill level 5 in Shields
 28547 | Spider:3 | Blown up by an orb spider

Table legend: (Time is in decaauts)
 A = Elapsed time spent in this place.
 B = Non-inter-level travel time spent in this place.
 C = Inter-level travel time spent in this place.
 D = Time resting spent in this place.
 E = Time spent auto-exploring this place.
 F = Levels seen in this place.
 G = Mean time per level.
                   A        B        C        D        E       F      G
               +--------+--------+--------+--------+--------+-----+--------+
         Total |  28720 |  27527 |   1193 |   8577 |  13900 |  23 | 1248.7 |
       Dungeon |  15760 |  14987 |    773 |   5267 |   7073 |  12 | 1313.3 |
          Lair |   8039 |   7748 |    291 |   1366 |   4989 |   6 | 1339.8 |
   Spider Nest |   2274 |   2259 |     15 |    744 |    932 |   3 |  758.0 |
  Orcish Mines |   2645 |   2533 |    112 |   1199 |    905 |   2 | 1322.5 |
               +--------+--------+--------+--------+--------+-----+--------+

Top non-repeatable levels by time:
     D:5: 2102 daAuts
     D:9: 2034 daAuts
   Orc:2: 1795 daAuts
    D:12: 1790 daAuts
  Lair:2: 1764 daAuts
     D:4: 1709 daAuts
     D:8: 1502 daAuts
Spider:1: 1497 daAuts
  Lair:4: 1431 daAuts
     D:1: 1431 daAuts
  Lair:1: 1355 daAuts
  Lair:6: 1322 daAuts
  Lair:3: 1225 daAuts
    D:10: 1197 daAuts
  Lair:5: 939 daAuts

Table legend:
 A = Kills in this place as a percentage of kills in entire the game.
 B = Kills by you in this place as a percentage of kills by you in the entire game.
 C = Kills by friends in this place as a percentage of kills by friends in the entire game.
 D = Other kills in this place as a percentage of other kills in the entire game.
 E = Experience gained in this place as a percentage of experience gained in the entire game.
 F = Experience gained in this place divided by the number of levels of this place that you have seen.
                   A       B       C       D       E      F
               +-------+-------+-------+-------+-------+----------------------
         Total | 100.0 | 100.0 | 100.0 | 100.0 | 100.0 | 7060.0
       Dungeon |  39.5 |  39.8 |   0.0 |   0.0 |  16.6 | 2246.5
          Lair |  31.1 |  30.9 |  66.7 | 100.0 |  47.7 | 12896.0
   Spider Nest |  16.8 |  16.9 |   0.0 |   0.0 |  27.4 | 14827.0
  Orcish Mines |  12.5 |  12.4 |  33.3 |   0.0 |   8.4 | 6782.5
               +-------+-------+-------+-------+-------+----------------------

Action                   |  1- 3 |  4- 6 |  7- 9 | 10-12 | 13-15 | 16-18 || total
-------------------------+-------+-------+-------+-------+-------+-------++-------
Melee: Hand axe          |   160 |       |       |       |       |       ||   160
       War axe           |     4 |    83 |   277 |    12 |     5 |       ||   381
       Battleaxe         |       |       |       |   178 |       |       ||   178
       Broad axe         |       |       |       |   297 |   978 |   254 ||  1529
Throw: Javelin           |     3 |     4 |     5 |     1 |       |       ||    13
       Dart              |       |       |       |    12 |     9 |       ||    21
Invok: Berserk           |       |       |     9 |    16 |    27 |     3 ||    55
       Trog's Hand       |       |       |       |     3 |     7 |       ||    10
Evoke: Lightning rod     |       |       |       |       |     4 |       ||     4
       Wand              |       |       |       |       |     4 |     2 ||     6
       Phantom mirror    |       |       |       |       |     4 |       ||     4
       Box of beasts     |       |       |       |       |     1 |       ||     1
  Use: Scroll            |       |       |    10 |     6 |     8 |     1 ||    25
       Potion            |       |       |     1 |       |       |       ||     1
 Stab: Sleeping          |     4 |     6 |     3 |     8 |     3 |       ||    24
       Distracted        |       |       |       |       |     1 |       ||     1
Armor: Ring mail         |    70 |    47 |   171 |   295 |   361 |       ||   944
       Chain mail        |       |       |       |       |   143 |   169 ||   312
Dodge: Dodged            |   105 |    36 |   155 |   293 |   359 |   125 ||  1073
Block: Buckler           |       |       |       |       |   244 |   135 ||   379

Vanquished Creatures
  The ghost of iishen the Markscentaur, an adept CeHu of Okawaru (Spider:1)
  A ghost moth (Spider:2)
  An orc warlord (Orc:2)
  3 emperor scorpions (Spider:1)
  The ghost of Domino the Blocker, a journeyman MiBe of Trog (Lair:4)
  An entropy weaver (Spider:2)
  A dire elephant (Lair:6)
  A fire dragon (Lair:6)
  7 hydras
  2 catoblepae
  3 boulder beetles
  A death knight (D:12)
  2 two-headed ogres
  The ghost of othur the Grappler, a novice TrMo of Qazlal (D:7)
  18 death yaks
  2 orc high priests (Orc:2)
  The ghost of Crownlay the Geomancer, a novice GrEE of Vehumet (D:9)
  A swamp dragon (Lair:6)
  2 lindwurms (Lair:6)
  2 spectral hydras (Lair:4)
  An orange crystal statue (D:9)
  8 orb spiders
  3 orc knights (Orc:2)
  24 wolf spiders
  2 ugly things (D:12)
  5 orc sorcerers
  A cyclops (D:9)
  A manticore (D:12)
  3 black mambas (Lair:6)
  2 elephants (Lair:6)
  A torpor snail (Lair:2)
  3 gargoyles
  15 cane toads
  12 rime drakes
  An unseen horror (D:12)
  3 demonic crawlers
  16 komodo dragons
  2 trolls
  3 polar bears
  12 jumping spiders
  3 hornets
  14 blink frogs
  16 dream sheep
  15 redbacks
  Sigmund (D:5)
  24 tarantellas
  2 shadows
  6 wyverns
  52 yaks
  2 steam dragons
  4 wraiths
  7 basilisks
  A spectral cane toad (Lair:4)
  3 wargs
  3 acid dragons
  18 water moccasins
  35 orc warriors
  An ice beast (D:8)
  A sky beast (D:7)
  A swamp drake (Lair:6)
  5 black bears
  5 ogres
  A necrophage (D:5)
  25 wolves
  2 centaurs
  3 phantoms
  4 kobold brigands
  Blork the orc (D:6)
  A wyvern zombie (D:7)
  13 bullfrogs
  A gnoll sergeant (Orc:1)
  35 scorpions
  A cane toad simulacrum (Lair:4)
  21 killer bees
  8 wights
  5 quasits (D:7)
  A gnoll shaman (D:7)
  A komodo dragon simulacrum (Lair:4)
  A centaur skeleton (D:7)
  3 centaur zombies
  2 hounds
  2 jellies
  22 orc priests
  10 iguanas
  17 orc wizards
  4 howler monkey zombies
  7 gnolls
  7 adders
  2 worms
  3 dart slugs
  81 orcs
  6 ball pythons
  4 endoplasms
  A giant cockroach (D:1)
  4 goblins
  7 hobgoblins
  6 jackals
  25 kobolds
  6 rats
732 creatures vanquished.

Vanquished Creatures (collateral kills)
  2 hydras
  An orc knight (Orc:2)
3 creatures vanquished.

Vanquished Creatures (others)
  A basilisk (Lair:6)
  7 bushes (D:10)
  99 fungi
  99 plants
206 creatures vanquished.

Grand Total: 941 creatures vanquished
